 Dungeon Crawl Stone Soup version 0.26-a0-597-gb535b0901c (webtiles) character file.

Game seed: 2376474777204889188

208 kae the Gusty (level 5, -1/28 HPs)
             Began as a Tengu Air Elementalist on Aug 27, 2020.
             Slain by a bullfrog (6 damage)
             ... in a sewer.
             The game lasted 00:03:06 (4023 turns).

kae the Gusty (Tengu Air Elementalist)              Turns: 4023, Time: 00:03:07

Health: -1/28      AC:  2    Str:  6 (8)  XL:     5   Next: 86%
Magic:  8/10       EV: 12    Int: 16 (17) God:
Gold:   133        SH:  0    Dex: 13 (14) Spells: 2/10 levels left

rFire    . . .     SeeInvis .   f - +0 hand axe
rCold    . . .     Faith    .   (no shield)
rNeg     . . .     Spirit   .   a - +0 robe
rPois    .         Reflect  .   (helmet restricted)
rElec    .         Harm     .   k - scarf {repulsion}
rCorr    .                      (no gloves)
MR       .....                  (boots unavailable)
Stlth    ++........             (no amulet)
HPRegen  0.09/turn              (no ring)
MPRegen  0.12/turn              (no ring)

@: about to teleport, repel missiles
A: beak, talons 3, able to fly
a: Fly


You were in a sewer.
You visited 1 branch of the dungeon, and saw 3 of its levels.
You also visited: Sewer.

You collected 133 gold pieces.

Inventory:

Hand Weapons
 f - a +0 hand axe (weapon)
Armour
 a - a +0 robe (worn)
 k - a scarf of repulsion (worn)
Jewellery
 b - a cursed ring of teleportation {unknown}
 c - a cursed -4 ring of evasion {unknown}
 h - a +4 ring of evasion {unknown}
Scrolls
 e - a scroll of magic mapping
 i - a scroll of amnesia {unknown}


   Skills:
 - Level 2.1 Dodging
 - Level 2.0 Stealth
 + Level 3.1 Spellcasting
 + Level 3.8 Conjurations
 * Level 6.6 Air Magic


You had 2 spell levels left.
You knew the following spells:

 Your Spells              Type           Power        Failure   Level
a - Shock                 Conj/Air       ###.         2%          1
b - Static Discharge      Conj/Air       ###.....     7%          3
c - Airstrike             Air            ###.......   12%         4

Your spell library contained the following spells:

 Spells                   Type           Power        Failure   Level
 Swiftness                Air            ###.....     1%          2
 Lightning Bolt           Conj/Air       ###.......   52%         5


Dungeon Overview and Level Annotations

Branches:
Dungeon (3/15)              Sewer (1/1)

Altars:


Innate Abilities, Weirdness & Mutations

You have a beak for a mouth.
You have claws for feet.
You can fly continuously.


Message History

Aim: a bullfrog The zap misses the bullfrog.
The bullfrog croaks.
The bullfrog hits you. The bullfrog misses you.
Casting: Shock (safe; 2% risk of failure)
Confirm with . or Enter, or press ? or * to list all spells.
Aiming: Shock (safe; 2% risk of failure)
Press: ? - help, Shift-Dir - straight line, f/p - bullfrog
Aim: a bullfrog The zap misses the bullfrog.
The bullfrog hits you. The bullfrog misses you.
You aren't carrying any potions.
As you read the scroll labeled USCHYRGHIUVE, it crumbles to dust.
It is a scroll of identify.
g - a scroll of teleportation The bullfrog hits you.
The bullfrog hits you!
* * * LOW HITPOINT WARNING * * *
As you read the scroll of teleportation, it crumbles to dust.
You feel strangely unstable. The bullfrog closely misses you.
The bullfrog hits you.
You die...

≈≈≈≈≈≈≈≈≈≈≈≈≈≈≈≈≈≈≈≈≈≈≈≈≈≈.#
≈≈≈≈≈≈≈≈≈≈≈≈≈≈≈≈≈≈≈≈≈≈≈≈≈≈.#
......≈≈..≈....≈≈≈≈≈≈≈.≈≈.†#
################≈≈≈≈.##≈≈.##
# #≈≈≈≈≈##≈≈≈# #
#.≈≈≈≈##≈≈≈# # ######
#.≈≈≈.##.≈.# #
#≈≈≈≈≈###.≈≈≈.##≈≈.# #
≈≈≈≈≈≈≈≈#@≈≈≈.##≈≈.# #
≈≈≈≈≈≈≈≈#FF≈≈.##†≈.# #
≈≈≈≈≈≈≈≈≈.≈≈≈.###.## #
≈≈≈≈≈F≈≈≈.≈≈≈.# #†# #
≈≈≈≈≈≈≈≈≈.≈≈≈.# #.# #
≈≈≈.≈≈≈≈≈.≈≈≈.# #∩# #
≈..)≈≈≈≈≈≈≈≈≈.# #.# #
≈.(??.≈≈≈≈≈≈≈.# #∩# #
≈≈.[.≈≈≈≈≈≈≈≈.# #.#


You could see 2 bullfrogs.

Vanquished Creatures
  Ijyb (D:3)
  3 adders
  2 gnolls (D:2)
  3 river rats (D:3)
  An ooze (D:1)
  2 worms (D:2)
  3 dart slugs
  10 leopard geckos
  14 giant cockroaches
  5 goblins
  12 hobgoblins
  2 jackals (D:1)
  4 ball pythons
  3 bats
  11 frilled lizards
  3 kobolds
  6 rats
85 creatures vanquished.

Notes
Turn   | Place    | Note
-------+----------+-------------------------------------------
     0 | D:1      | kae the Tengu Air Elementalist began the quest for the Orb.
     0 | D:1      | Reached XP level 1. HP: 10/10 MP: 4/4
   351 | D:1      | Reached XP level 2. HP: 15/15 MP: 0/6
   968 | D:1      | Reached XP level 3. HP: 19/19 MP: 5/7
  1394 | D:2      | Reached skill level 5 in Air Magic
  1974 | D:2      | Reached XP level 4. HP: 24/24 MP: 4/8
  3107 | D:2      | Learned a level 3 spell: Static Discharge
  3112 | D:2      | Learned a level 4 spell: Airstrike
  3145 | D:3      | Noticed Ijyb
  3250 | D:3      | Killed Ijyb
  3250 | D:3      | Reached skill level 6 in Air Magic
  3250 | D:3      | Gained mutation: You can fly continuously. [Tengu growth]
  3250 | D:3      | Reached XP level 5. HP: 25/28 MP: 0/10
  3404 | D:3      | Found a glowing drain.
  3492 | Sewer    | Entered a sewer
  4023 | Sewer    | Slain by a bullfrog

Illustrated notes

Levels and vault maps discovered:
D:1:      dpeg_arrival_short_road, layout_loops_corners, hangedman_decor_points
D:2:      layout_loops_ring
D:3:      layout_rooms, portal_sewer_entry_e, minmay_fractal_squares_gapless_5,
          uniq_natasha, uniq_grinder, uniq_ijyb
Sewer:    sewer_frog_island_01

Skill      XL: |  1  2  3  4  5 |
---------------+----------------+-----
Conjurations   | 2 3 |  3.8
Air Magic      | 5 6 |  6.6
Spellcasting   | 3 |  3.1
Dodging        | |  2.1
Stealth        | |  2.0

Action                   |  1- 3 |  4- 6 || total
-------------------------+-------+-------++-------
Melee: Unarmed           |     6 |       ||     6
       Kick              |     4 |     3 ||     7
       Peck              |     3 |     1 ||     4
       Hand axe          |    21 |    17 ||    38
 Cast: Shock             |    61 |   116 ||   177
       Static Discharge  |       |     1 ||     1
  Use: Scroll            |     1 |     5 ||     6
       Potion            |       |     5 ||     5
 Stab: Sleeping          |     2 |       ||     2
Armor: Robe              |     9 |     3 ||    12
Dodge: Dodged            |    21 |    29 ||    50

Table legend: (Time is in decaauts)
 A = Elapsed time spent in this place.
 B = Non-inter-level travel time spent in this place.
 C = Inter-level travel time spent in this place.
 D = Time resting spent in this place.
 E = Time spent auto-exploring this place.
 F = Levels seen in this place.
 G = Mean time per level.
                   A        B        C        D        E       F      G
               +--------+--------+--------+--------+--------+-----+--------+
         Total |   4050 |   3951 |     99 |    795 |   2599 |   4 | 1012.5 |
       Dungeon |   3502 |   3403 |     99 |    601 |   2299 |   3 | 1167.3 |
         Sewer |    548 |    548 |      0 |    194 |    300 |   1 |  548.0 |
               +--------+--------+--------+--------+--------+-----+--------+

Top non-repeatable levels by time:
     D:1: 1622 daAuts
     D:2: 1553 daAuts
   Sewer: 548 daAuts
     D:3: 326 daAuts
